 Dungeon Crawl Stone Soup version 0.22-a0-525-gf69a080 (webtiles) character file.

826 GameOver the Conjurer (level 7, -4/64 HPs)
             Began as a Naga Wizard on June 22, 2018.
             Was an Initiate of Kikubaaqudgha.
             Slain by a two-headed ogre
             ... wielding a +0 giant club
              (12 damage)
             ... on level 5 of the Dungeon.
             The game lasted 00:15:29 (3613 turns).

GameOver the Conjurer (Naga Wizard)                 Turns: 3613, Time: 00:15:30

Health: -4/64      AC:  4    Str:  9    XL:     7   Next: 96%
Magic:  3/11       EV: 10    Int: 21    God:    Kikubaaqudgha [......]
Gold:   23         SH:  0    Dex:  9    Spells: 3/12 levels left

rFire    . . .     SeeInvis +   w - +0 rapier
rCold    . . .     Gourm    .   (no shield)
rNeg     . . .     Faith    +   a - +0 robe
rPois    +         Spirit   .   b - +0 hat
rElec    .         Reflect  .   (no cloak)
rCorr    +         Harm     .   z - +0 pair of gloves
MR       .....                  (no barding)
Stlth    ++........             h - amulet of faith
HPRegen  0.20/turn              l - ring of resist corrosion
MPRegen  0.12/turn              (no ring)

@: very slow
A: large, see invisible, deformed body, poison resistance, slowness 2, slow
metabolism 1, spit poison 1, AC +2
a: Spit Poison, Renounce Religion


You were on level 5 of the Dungeon.
You worshipped Kikubaaqudgha.
Kikubaaqudgha was noncommittal.
You were not hungry.

You visited 2 branches of the dungeon, and saw 6 of its levels.

You collected 187 gold pieces.
You spent 164 gold pieces at shops.

Inventory:

Hand Weapons
 q - a +0 hunting sling
 w - a +0 rapier (weapon)
Missiles
 i - 28 sling bullets
Armour
 a - a +0 robe (worn)
 b - a +0 hat (worn)
 m - a +0 buckler
 z - a +0 pair of gloves (worn)
Jewellery
 h - an amulet of faith (around neck)
 l - a ring of resist corrosion (left hand)
Wands
 s - a wand of flame (15)
Scrolls
 c - 2 scrolls of random uselessness {unknown}
 g - 3 scrolls of teleportation
 k - 3 scrolls of amnesia
 n - 5 scrolls of enchant armour {unknown}
 u - a scroll of immolation {unknown}
 v - 2 scrolls of remove curse
 x - a scroll of fog {unknown}
 y - a scroll of enchant weapon
 A - a scroll of fear
Potions
 e - 2 potions of flight
 f - a potion of invisibility
 j - 2 potions of curing
 o - 2 potions of resistance
 r - a potion of mutation
 t - a potion of brilliance
Comestibles
 d - 10 rations


   Skills:
 - Level 4.0 Fighting
 + Level 2.8 Short Blades
 - Level 1.5 Dodging
 - Level 3.0 Stealth
 - Level 3.0 Spellcasting
 - Level 6.0 Conjurations
   Level 1.0 Summonings
 + Level 0.0 Necromancy
 + Level 1.0 Translocations
 + Level 3.8 Poison Magic


You had 3 spell levels left.
You knew the following spells:

 Your Spells              Type           Power        Failure   Level  Hunger
a - Magic Dart            Conj           ####         1%          1    None
b - Blink                 Tloc           N/A          13%         2    ##.....
d - Mephitic Cloud        Conj/Pois/Air  ###.....     11%         3    ###....
s - Dazzling Spray        Conj/Hex       ###...       12%         3    ###....

Your spell library contained the following spells:

 Spells                   Type           Power        Failure   Level  Hunger
 Conjure Flame            Conj/Fire      ###.....     12%         3    ###....
 Slow                     Hex            #.......     21%         2    ##.....
 Confuse                  Hex            #.......     36%         3    ###....
 Call Imp                 Summ           #.......     13%         2    ##.....
 Tukima's Dance           Hex            #.......     36%         3    ###....
 Ensorcelled Hibernation  Hex/Ice        #.....       21%         2    ##.....
 Corona                   Hex            #......      13%         1    None


Dungeon Overview and Level Annotations

Branches:
Dungeon (5/15)             Temple (1/1) D:4

Altars:
Ashenzari
Cheibriados
Dithmenos
Fedhas
Gozag
Hepliaklqana
Kikubaaqudgha
Makhleb
Nemelex Xobeh
Sif Muna
Trog
Uskayaw
Vehumet
Wu Jian
Xom
Yredelemnul
Zin

Shops:
D:4 %   D:5 ?


Innate Abilities, Weirdness & Mutations

You cannot wear boots.
Your serpentine skin is tough. (AC +2)
You have supernaturally acute eyesight. (SInv)
Armour fits poorly on your strangely shaped body.
Your system is resistant to poisons. (rPois)
You cover ground very slowly.
You have a slow metabolism.
You can spit poison.


Message History

The two-headed ogre is moderately wounded.
Press: ? - help, Shift-Dir - straight line, f/p - two-headed ogre
Aim: a two-headed ogre, wielding a giant club and a giant spiked club (moderately wounded, confused)
The splash of poison hits the two-headed ogre.
The two-headed ogre is poisoned.
The two-headed ogre is heavily wounded.
You feel slightly more hungry.
The two-headed ogre seems less confused.
Okay, then.
Okay, then.
You have got your breath back.
The two-headed ogre hits you with a giant club!
The two-headed ogre hits you with a giant spiked club!!
* * * LOW HITPOINT WARNING * * *
The two-headed ogre looks more healthy.
The two-headed ogre hits you with a giant club!
* * * LOW HITPOINT WARNING * * *
The two-headed ogre hits you with a giant spiked club!
You die...
Kikubaaqudgha rasps: "You have failed me!
Welcome... death!"

#....# #....#
###....#
###.+....#
#...#....#
#...#....#
#########...#....#
#.......'...'....#
#@#######...#..###
#O# #.......#..#..
#.# #.#.#)###..#.#
#.# #...#......#..
#.#####.######.#..
#.....#.# #...#
#####.### #####
#........
#########


You could see a two-headed ogre.

Vanquished Creatures
  Sigmund (D:3)
  A sky beast (D:5)
  A centaur (D:5)
  A scorpion (D:4)
  2 bullfrog zombies
  A hound (D:4)
  2 jellies (D:5)
  2 bullfrog skeletons (D:5)
  Natasha (thrice) (D:2)
  A worker ant (D:5)
  A killer bee zombie (D:5)
  A howler monkey skeleton (D:4)
  A worker ant zombie (D:5)
  4 adders
  An ooze (D:4)
  2 dart slugs
  3 leopard geckos
  2 orcs
  6 giant cockroaches
  4 goblins
  7 hobgoblins
  4 jackals
  5 kobolds
  4 quokkas
  2 ball pythons
  5 bats
  2 frilled lizards
  7 rats
76 creatures vanquished.

Notes
Turn   | Place    | Note
-------+----------+-------------------------------------------
     0 | D:1      | GameOver the Naga Wizard began the quest for the Orb.
     0 | D:1      | Reached XP level 1. HP: 15/15 MP: 4/4
   214 | D:1      | Reached skill level 2 in Conjurations
   214 | D:1      | Reached XP level 2. HP: 20/22 MP: 3/6
   598 | D:1      | Reached XP level 3. HP: 28/28 MP: 7/7
   602 | D:1      | Learned a level 2 spell: Blink
   606 | D:1      | Learned a level 3 spell: Mephitic Cloud
   695 | D:2      | Found a shadowy altar of Dithmenos.
   934 | D:2      | Reached skill level 3 in Conjurations
   937 | D:2      | Found a blossoming altar of Fedhas.
  1131 | D:2      | Noticed Natasha
  1140 | D:2      | Killed Natasha
  1178 | D:2      | Reached XP level 4. HP: 32/36 MP: 4/8
  1250 | D:2      | Noticed Natasha
  1251 | D:2      | Killed Natasha
  1251 | D:2      | Reached skill level 4 in Conjurations
  1565 | D:2      | Noticed Natasha
  1573 | D:2      | Killed Natasha
  1573 | D:2      | Reached XP level 5. HP: 31/42 MP: 5/9
  1636 | D:3      | Reached skill level 1 in Fighting
  1751 | D:3      | Found a snail-covered altar of Cheibriados.
  1764 | D:3      | Found a shimmering altar of Xom.
  1767 | D:3      | Reached skill level 5 in Conjurations
  1888 | D:3      | Noticed Sigmund
  1902 | D:3      | Killed Sigmund
  1902 | D:3      | Reached XP level 6. HP: 55/55 MP: 7/10
  1949 | D:3      | Found a shattered altar of Ashenzari.
  2424 | D:4      | Found Xosiexoneo's Food Boutique.
  2522 | D:4      | Found a staircase to the Ecumenical Temple.
  2528 | Temple   | Entered the Ecumenical Temple
  2549 | Temple   | Became a worshipper of Kikubaaqudgha
  2835 | D:4      | Reached XP level 7. HP: 56/62 MP: 7/11
  2880 | D:4      | Found a sparkling altar of Nemelex Xobeh.
  2964 | D:4      | Found a radiant altar of Vehumet.
  3118 | D:5      | Entered Level 5 of the Dungeon
  3121 | D:5      | Reached skill level 6 in Conjurations
  3131 | D:5      | Reached skill level 1 in Poison Magic
  3137 | D:5      | Reached skill level 1 in Short Blades
  3346 | D:5      | Found Hizab's Magic Scroll Boutique.
  3350 | D:5      | Bought a scroll of remove curse for 33 gold pieces
  3350 | D:5      | Bought a scroll of fear for 38 gold pieces
  3350 | D:5      | Bought a scroll of amnesia for 38 gold pieces
  3350 | D:5      | Bought a scroll of teleportation for 33 gold pieces
  3350 | D:5      | Bought a scroll of identify for 22 gold pieces
  3394 | D:5      | Learned a level 3 spell: Dazzling Spray
  3592 | D:5      | Noticed a two-headed ogre
  3613 | D:5      | Slain by a two-headed ogre

Vault maps used:
D:1:      grunt_arrival_crossed_arrows
D:2:      nicolae_dithmenos_shadow_blocks, lemuel_crystal_altar, uniq_natasha
D:3:      tgw_xom, lemuel_crystal_altar, kennysheep_slug_shrine,
          corexii_corridor_pit, uniq_sigmund
D:4:      nemelex_xobeh_ov_fountains_minmay, overflow_temple_1_default,
          temple_green, first_ration, serial_shops, shop
D:5:      hangedman_ru_absence, serial_shops, shop_fountains
Temple:   dpeg_chambers_temple

Skill      XL: |  1  2  3  4  5  6  7 |
---------------+----------------------+-----
Conjurations   | 2 3 4 5 6 |  6.0
Fighting       | 2 3 4 |  4.0
Poison Magic   | 3 |  3.8
Short Blades   | 2 |  2.8
Dodging        | |  1.5
Stealth        | |  3.0
Spellcasting   | |  3.0
Summonings     | |  1.0
Translocations | |  1.0

Action                   |  1- 3 |  4- 6 |  7- 9 || total
-------------------------+-------+-------+-------++-------
Melee: Short sword       |     3 |     7 |       ||    10
       Dagger            |     1 |       |       ||     1
       Rapier            |       |     8 |    33 ||    41
 Cast: Magic Dart        |    27 |    42 |    45 ||   114
       Mephitic Cloud    |       |     2 |     5 ||     7
       Blink             |       |       |     2 ||     2
 Abil: Spit Poison       |    26 |    23 |    10 ||    59
  Use: Scroll            |       |       |     7 ||     7
 Stab: Sleeping          |     1 |     1 |     2 ||     4
       Confused          |       |     2 |     1 ||     3
  Eat: Chunk             |     1 |     7 |     3 ||    11
Armor: Robe              |     2 |     3 |     6 ||    11
Dodge: Dodged            |     9 |    17 |    32 ||    58

Table legend:
 A = Spawn XP
 B = Non-spawn XP
 C = Spawn XP percentage of total XP
 D = Spawn monster count
 E = Non-spawn monster count
 F = Spawn count percentage of total count
 G = Total turns spent on level
                    A         B        C        D         E        F      G
               +---------+---------+-------+---------+---------+-------+---------
         Total |       0 |    1181 |   0.0 |       0 |      76 |   0.0 |  3613
               +---------+---------+-------+---------+---------+-------+---------
           D:1 |       0 |      34 |   0.0 |       0 |      19 |   0.0 |   675
           D:2 |       0 |     133 |   0.0 |       0 |      13 |   0.0 |   907
           D:3 |       0 |     309 |   0.0 |       0 |      21 |   0.0 |   802
           D:4 |       0 |     150 |   0.0 |       0 |       7 |   0.0 |   526
           D:5 |       0 |     555 |   0.0 |       0 |      16 |   0.0 |   495
               +---------+---------+-------+---------+---------+-------+---------
